 Dungeon Sprint DCSS version 0.19-a0-1922-g1e9a4c1 (webtiles) character file.

154 poirepourri the Cruncher (level 5, -2/33 HPs)
             Began as a Gargoyle Gladiator on Oct 24, 2016.
             Slain by a fire elemental (13 damage)
             ... summoned by a deep elf mage
             ... in the Dungeon (Sprint III: "The Ten Rune Challenge").
             The game lasted 00:01:16 (318 turns).

poirepourri the Cruncher (Gargoyle Gladiator)        Turns: 318, Time: 00:01:17

Health: -2/33      AC:  8    Str: 18    XL:     5   Next: 35%
Magic:  5/5        EV: 14    Int:  9    God:
Gold:   36         SH:  0    Dex: 11    Spells: 0 memorised, 4 levels left

rFire  . . .     SeeInvis .     a - +0 quarterstaff
rCold  . . .     Gourm    .     b - +0 leather armour
rNeg   + . .     Faith    .     (shield currently unavailable)
rPois  ∞         Spirit   .     c - +0 helmet
rElec  +         Reflect  .     (no cloak)
rCorr  .         Harm     .     (no gloves)
MR     .....     NoTele   +     (no boots)
Stlth  +.........               (no amulet)
                                (no ring)
                                (no ring)

@: no status effects
A: negative energy resistance 1, electricity resistance, unbreathing,
petrification resistance, rot immunity, AC +4
a: no special abilities


You were in the Dungeon.
You were not hungry.

You visited 1 branch You collected 36 gold pieces.

Inventory:

Hand Weapons
 a - a +0 quarterstaff (weapon)
Missiles
 d - 3 throwing nets (quivered)
Armour
 b - a +0 leather armour (worn)
 c - a +0 helmet (worn)
Scrolls
 k - a scroll of blinking
 n - a scroll of immolation
 o - a scroll of identify
Potions
 e - a potion of curing
 h - a potion of haste
 i - 2 potions of magic
 j - a potion of berserk rage
 l - 4 potions of flight
 m - 3 potions of mutation
 q - 2 potions of cure mutation
Books
 r - a book of Minor Magic

   Spells                             Type                      Level
   a - Magic Dart                     Conjuration                  1
   b - Blink                          Translocation                2
   c - Call Imp                       Summoning                    2
   d - Repel Missiles                 Charms/Air                   2
   e - Slow                           Hexes                        2
   f - Conjure Flame                  Conjuration/Fire             3
   g - Mephitic Cloud                 Conjuration/Poison/Air       3
 s - a book of Misfortune

   Spells                             Type                      Level
   a - Confusing Touch                Hexes                        1
   b - Confuse                        Hexes                        3
   c - Gell's Gravitas                Hexes/Translocation          3
   d - Petrify                        Transmutation/Earth          4
   e - Metabolic Englaciation         Hexes/Ice                    5
   f - Yara's Violent Unravelling     Hexes/Transmutation          5
Comestibles
 f - a bread ration
 p - a meat ration
 t - 3 fruits


   Skills:
 + Level 4.1 Fighting
 + Level 8.2 Staves
 + Level 2.8 Throwing
 + Level 5.3 Dodging


You had 4 spell levels left.
You didn't know any spells.

Dungeon Overview and Level Annotations

Branches:
Dungeon (1/1)

Altars:
Elyvilon
Kikubaaqudgha
Sif Muna
Vehumet
Zin
The Shining One


Innate Abilities, Weirdness & Mutations

You are resistant to torment.
Your stone body is resilient. (AC +4)
You are immune to poison.
You resist negative energy. (rN+)
You are resistant to electric shocks. (rElec)
You can survive without breathing.
You are immune to petrification.
You are immune to rotting.


Message History

You completely miss the deep elf mage. The deep elf mage closely misses you.
You miss the deep elf mage. The deep elf mage barely misses you.
You closely miss the deep elf mage. You closely miss the deep elf mage.
The deep elf mage hits you with a long sword of holy wrath.
You thump the deep elf mage!
The deep elf mage is heavily wounded.
The deep elf mage mumbles some strange words.
You sock the deep elf mage!
The deep elf mage is severely wounded.
The deep elf mage mumbles some strange words.
The fire elemental hits you. The fire elemental burns you!
You feel much better. The fire elemental hits you.
The fire elemental burns you! The fire elemental hits you.
The fire elemental burns you! The fire elemental barely misses you.
The deep elf mage completely misses you.
You hit the deep elf mage but do no damage.
The deep elf mage is severely wounded.
The fire elemental hits you. The fire elemental burns you!
You die...

▓▓▓▓▓ ▓▓▓ #...####
##.#####
#......#####..#EE_#
#...)...#..#..#e@E#
##.##...#..#..###'#+###+#
##.###..##'#..#..........
###.##..###...'.⌠........
#..##..####...#...######+
...##..###....#.⌠.#
†.##...##.....#)..#
.##....#......#'###
###..##.#.....#)..#


You could see a deep elf mage and 3 fire elementals.

Vanquished Creatures
  A water elemental (D)
  A wizard (D)
  Jessica (D)
  A kobold demonologist (D)
  A human (D)
  An ooze (D)
  A phantom (D)
  A rat (D)
8 creatures vanquished.

Vanquished Creatures (others)
  2 draconian scorchers (D)
  6 hellions (D)
  A yaktaur (D)
9 creatures vanquished.

Grand Total: 17 creatures vanquished

Notes
Turn   | Place    | Note
-------+----------+-------------------------------------------
     0 | D        | poirepourri the Gargoyle Gladiator began the quest for the Orb.
     0 | D        | Reached XP level 1. HP: 12/12 MP: 1/1
    35 | D        | Noticed Jessica
    38 | D        | Killed a yaktaur
    41 | D        | Killed Jessica
    41 | D        | Reached skill level 5 in Staves
    41 | D        | Reached XP level 2. HP: 18/19 MP: 2/2
    41 | D        | Reached XP level 3. HP: 22/23 MP: 3/3
    76 | D        | Reached skill level 6 in Staves
   105 | D        | Killed a hellion
   106 | D        | Killed a hellion
   106 | D        | Killed a hellion
   106 | D        | Killed a hellion
   142 | D        | Killed a hellion
   143 | D        | Killed a hellion
   215 | D        | Noticed a water elemental
   220 | D        | Killed a water elemental
   220 | D        | Reached skill level 7 in Staves
   220 | D        | Reached XP level 4. HP: 29/29 MP: 4/4
   232 | D        | Killed a white draconian scorcher
   243 | D        | Killed a white draconian scorcher
   250 | D        | Found a radiant altar of Vehumet.
   250 | D        | Found a deep blue altar of Sif Muna.
   250 | D        | Found an ancient bone altar of Kikubaaqudgha.
   250 | D        | Noticed a wizard
   256 | D        | Reached skill level 5 in Dodging
   256 | D        | Reached XP level 5. HP: 32/33 MP: 5/5
   261 | D        | Reached skill level 8 in Staves
   306 | D        | Found a glowing silver altar of Zin.
   306 | D        | Found a glowing golden altar of the Shining One.
   306 | D        | Found a white marble altar of Elyvilon.
   307 | D        | Noticed a deep elf mage
   316 | D        | Noticed a fire elemental
   317 | D        | Noticed a fire elemental
   317 | D        | Noticed a fire elemental
   318 | D        | Slain by a fire elemental

Vault maps used:
D:        dungeon_sprint_mu

Skill      XL: |  1  2  3  4  5 |
---------------+----------------+-----
Dodging        | 3 4 5 |  5.3
Throwing       | 2 |  2.8
Fighting       | 3 4 |  4.1
Staves         | 5 7 8 |  8.2

Action                   |  1- 3 |  4- 6 || total
-------------------------+-------+-------++-------
Melee: Quarterstaff      |    24 |    19 ||    43
  Use: Scroll            |     5 |       ||     5
       Potion            |     1 |     1 ||     2
 Stab: Sleeping          |     1 |       ||     1
Armor: Leather armour    |     3 |     5 ||     8
Dodge: Dodged            |    13 |    10 ||    23
